 Dungeon Crawl Stone Soup version 0.28.0 (webtiles) character file.

Game seed: 3793679901531579117

37821 Colgate the Worldbinder (level 13, 0/47 HPs)
             Began as a Felid Summoner on Feb 10, 2022.
             Was a Priest of Jiyva.
             Blown up by an orb spider (47 damage)
             ... with an orb of destruction
             ... on level 1 of the Spider Nest on Feb 11, 2022.
             The game lasted 02:45:22 (34036 turns).

Colgate the Worldbinder (Felid Summoner)           Turns: 34036, Time: 02:45:22

Health: 0/47       AC:  3    Str:  4    XL:     13   Next: 60%
Magic:  0/33       EV: 21    Int: 21    God:    Jiyva [***...]
Gold:   1938       SH:  0    Dex: 17    Spells: 1/26 levels left
                                        Lives:  0   Deaths: 4

rFire   . . .      SeeInvis +   (weapon unavailable)
rCold   + . .      Faith    .   (shield unavailable)
rNeg    . . .      Spirit   +   (armour unavailable)
rPois   .          Reflect  .   (helmet unavailable)
rElec   .          Harm     .   (cloak unavailable)
rCorr   +          Rampage  .   (gloves unavailable)
Will    +....                   (boots unavailable)
Stlth   ++........              m - amulet of guardian spirit
HPRegen 1.27/turn               q - ring of magical power
MPRegen 0.58/turn               H - +4 ring of evasion

@: quick
A: very small, claws 1, fangs 3, see invisible, speed 1, shaggy fur 3, stealthy
paws, no weapons or thrown items, no armour, multi-lived, acidic bite, eyeballs
1, tendrils, MP-powered wands
a: Renounce Religion, Oozemancy


You were on level 1 of the Spider Nest.
You worshipped Jiyva.
Jiyva was most pleased with you.
You visited 5 branches of the dungeon, and saw 22 of its levels.
You also visited: Bailey.

You collected 4357 gold pieces.
You spent 1843 gold pieces at shops.
You paid 576 gold pieces to Gozag.

Inventory:

Jewellery
 m - an amulet of guardian spirit (around neck)
 n - a +6 ring of strength
 q - a ring of magical power (left paw)
 H - a +4 ring of evasion (right paw)
 L - a ring of poison resistance
Wands
 h - a wand of polymorph (12)
 i - a wand of flame (17)
 k - a wand of charming (11)
 u - a wand of iceblast (15)
 y - a wand of acid (2)
 B - a wand of paralysis (3)
Scrolls
 b - 3 scrolls of silence
 g - 4 scrolls of fear
 j - 4 scrolls of blinking
 l - 4 scrolls of fog
 o - a scroll of torment
 p - 2 scrolls of teleportation
 v - a scroll of summoning
 D - a scroll of enchant armour
 E - a scroll of magic mapping
 F - 2 scrolls of noise
Potions
 a - a potion of cancellation
 c - 5 potions of berserk rage
 d - 4 potions of mutation
 e - 6 potions of heal wounds
 f - 2 potions of lignification
 r - 4 potions of flight
 t - a potion of attraction
 w - 2 potions of invisibility
 x - 5 potions of haste
 z - 2 potions of brilliance
 A - 2 potions of curing
 G - a potion of might
 I - a potion of resistance
Miscellaneous
 s - a phantom mirror (inert)
 C - a tin of tremorstones (1/2)
 J - a box of beasts
 K - a lightning rod (4/4)


   Skills:
 - Level 2.6 Dodging
 - Level 2.6 Stealth
 - Level 7.0 Spellcasting
 - Level 3.7 Hexes
 + Level 23.9 Summonings
 - Level 6.3 Air Magic


You had one spell level left.
You knew the following spells:

 Your Spells              Type           Power      Damage    Failure   Level
a - Summon Lightning Spi  Summ/Air       63%        N/A       1%          4
b - Swiftness             Air            34%        N/A       1%          3
c - Call Canine Familiar  Summ           82%        N/A       0%          3
d - Summon Guardian Gole  Hex/Summ       60%        N/A       1%          3
e - Summon Mana Viper     Hex/Summ       60%        N/A       1%          5
f - Monstrous Menagerie   Summ           41%        N/A       1%          7

Your spell library contained the following spells:

 Spells                   Type           Power      Damage    Failure   Level
 Summon Small Mammal      Summ           100%       N/A       0%          1
 Animate Skeleton         Necr           14%        N/A       9%          1
 Apportation              Tloc           14%        N/A       9%          1
 Foxfire                  Conj/Fire      28%        2x1d5     9%          1
 Pain                     Necr           28%        1d5       9%          1
 Sandblast                Erth           14%        2d6       9%          1
 Call Imp                 Summ           82%        N/A       0%          2
 Summon Ice Beast         Ice/Summ       55%        N/A       1%          4
 Summon Hydra             Summ           41%        N/A       1%          7
 Corpse Rot               Necr/Air       40%        N/A       3%          2
 Poisonous Vapours        Pois/Air       40%        N/A       3%          2
 Ensorcelled Hibernation  Hex/Ice        30%        N/A       6%          2
 Mephitic Cloud           Conj/Pois/Air  16%        N/A       11%         3
 Inner Flame              Hex/Fire       15%        N/A       12%         3
 Passwall                 Tmut/Erth      5%         N/A       13%         2
 Sublimation of Blood     Necr           7%         N/A       13%         2
 Wereblood                Tmut           7%         N/A       13%         2
 Cause Fear               Hex            11%        N/A       19%         4
 Conjure Flame            Conj/Fire      7%         6-21      26%         3
 Ignite Poison            Fire/Tmut/Pois 7%         N/A       26%         3
 Stone Arrow              Conj/Erth      14%        3d7       26%         3
 Vampiric Draining        Necr           7%         2d6       26%         3
 Dragon's Call            Summ           41%        N/A       43%         9
 Flame Wave               Conj/Fire      7%         2d5       65%         4
 Sticky Flame             Conj/Fire      7%         2d3       65%         4
 Freezing Cloud           Conj/Ice/Air   8%         6-21      71%         5
 Alistair's Intoxication  Tmut/Pois      4%         N/A       94%         5
 Dragon Form              Tmut           3%         N/A       100%        7


Dungeon Overview and Level Annotations

Branches:
Dungeon (12/15)            Temple (1/1) D:6            Lair (6/6) D:8
 Shoals (0/4) Lair:4       Spider (1/4) Lair:2        Slime (0/5) Lair:5
    Orc (2/2) D:9             Elf (0/3) Orc:2        Bailey (visited)

Altars:
Cheibriados
Dithmenos
Elyvilon
Fedhas
Gozag
Hepliaklqana
Kikubaaqudgha
Makhleb
Nemelex Xobeh
Okawaru
Qazlal
Sif Muna
Trog
Uskayaw
Wu Jian
Xom
Yredelemnul
Zin
The Shining One
Jiyva

Shops:
D:8 *   D:10 [   Orc:1 *   Orc:2 ((*(=


Innate Abilities, Weirdness & Mutations

You have sharp claws.
You have razor-sharp teeth.
You have supernaturally acute eyesight. (SInv)
You cover ground quickly. (Speed+)
Your thick and shaggy fur keeps you warm. (AC +3, rC+)
Your paws help you pounce on unaware monsters.
You are incapable of wielding weapons or throwing items.
You cannot wear armour.
You gain extra lives every three experience levels.
You have acidic saliva.
Your body has grown eyes which may confuse attackers. (Acc +3)
You are covered in slimy tendrils that may disarm your opponents.
You expend magic power (3 MP) to strengthen your wands.


Message History

Gang up on whom?
Press: ? - help, Dir - move target, f - orb spider
Aim: an orb spider Attack!
Your manticore bites the orb spider!
Your manticore barely misses the orb spider.
Your manticore claws the orb spider.
The culicivora bites your manticore. The orb spider bites your manticore.
The culicivora bites your manticore!
Your manticore bites the culicivora!
Your manticore claws the culicivora!
Your manticore claws the culicivora.
The orb spider pulsates with a strange energy.
The culicivora bites your manticore but does no damage.
Your manticore bites the culicivora!!
The culicivora dies!
Something bites your manticore.
Your manticore bites the orb spider!
Your manticore claws the orb spider but does no damage.
Your manticore claws the orb spider.
The orb spider bites your manticore. Something bites your manticore.
The orb spider bites your manticore.
Your manticore dies!
Your manticore's corpse disappears in a puff of smoke!
You summon a lindwurm!
You summon a lindwurm!
A tarantella comes into view.
The orb spider weaves a glowing orb of energy.
Your lindwurm breathes flames at the orb spider.
The blast of flame hits the orb spider!!!
The orb spider dies!
The blast of flame hits the tarantella!!!
The tarantella dies!
The tarantella moves out of view.
An orb of destruction comes into view.
Your lindwurm breathes flames at the redback.
The blast of flame hits the redback!!
Your lindwurm completely misses the redback.
Your lindwurm claws the redback.
Your lindwurm closely misses the redback.
The orb of destruction hits you!!!
Ouch! That really hurt!
You die...

....##
###.......##
#..# [...#
##....^.# ..
...## ##.....#
..## ##..^## .##
#### ###.## ..#
#.... #..#
..##..... ##.#
... .........
#.## ..##
.........
#@.###### ...#
.........
##○#....##...#
.##.^....
#k.......#..##
.# #.....
#○...........#
.# #...#
#○...........#..
.# ..##
#°k............#
.# ##
#°s#####.......#
.##
#°.####........#
..#
#†##......###.##


You could see a redback (ally target) and 2 friendly lindwurms.

Vanquished Creatures
  An orc knight (D:10)
  A moth of wrath (Spider:1)
  An ugly thing (D:10)
  A kobold demonologist (D:10)
  A blink frog (Lair:6)
  2 acid dragons
  A sky beast (D:6)
  An orc warrior (D:9)
  3 orcs (D:9)
12 creatures vanquished.

Vanquished Creatures (collateral kills)
  Azrael (Orc:2)
  A spark wasp (Spider:1)
  The ghost of Zeus21348 the Carver, a journeyman HOMo of Beogh (D:11)
  A fire dragon (Lair:6)
  8 hydras
  2 boulder beetles
  A catoblepas (Lair:6)
  6 death yaks (Lair:6)
  4 orc high priests (Orc:2)
  Urug (Orc:1)
  A pharaoh ant (Spider:1)
  An orb spider (Spider:1)
  4 lindwurms
  6 orc knights
  2 wolf spiders (Spider:1)
  An ugly thing (D:9)
  A cyclops (D:6)
  2 manticores (Lair:6)
  4 orc sorcerers (Orc:2)
  2 black mambas
  Maurice (D:10)
  11 elephants
  7 torpor snails
  10 cane toads
  A rime drake (Lair:6)
  5 komodo dragons
  A kobold demonologist (D:10)
  3 trolls
  2 polar bears
  3 tyrant leeches (Lair:6)
  4 tarantellas (Spider:1)
  7 hornets (Lair:6)
  A snapping turtle (Lair:4)
  9 blink frogs (Lair:6)
  15 dream sheep
  2 jumping spiders (Spider:1)
  4 culicivoras (Spider:1)
  A spriggan (Bailey)
  A wraith (D:10)
  23 yaks
  2 shadows
  2 basilisks
  2 hogs (Lair:6)
  A wyvern (Lair:6)
  2 fire elementals (Orc:2)
  A redback (Spider:1)
  3 wargs
  An acid dragon (D:8)
  9 water moccasins
  4 hell hounds
  A nameless horror (Lair:6)
  15 orc warriors
  4 black bears
  An ice beast (D:6)
  A sky beast (D:7)
  20 wolves
  7 ogres
  4 kobold brigands
  16 bullfrogs
  A gnoll sergeant (D:9)
  3 scorpions
  A water moccasin skeleton (D:4)
  6 killer bees
  2 howler monkeys (D:10)
  2 electric eels
  A centaur zombie (D:8)
  4 hounds
  8 orc priests
  2 jellies
  A centaur skeleton (D:7)
  A bullfrog skeleton (D:7)
  An iguana (D:5)
  15 orc wizards
  4 gnolls
  8 adders
  3 shadow imps
  An adder skeleton (D:4)
  An adder zombie (D:3)
  3 worms
  3 dart slugs
  49 orcs
  3 bats
  11 endoplasms
  3 giant cockroaches
  7 goblins
  8 hobgoblins
  12 jackals
  33 kobolds
  A quokka (D:1)
  4 ball pythons
  A ball python zombie (D:3)
  5 frilled lizards
  A jackal skeleton (D:4)
  2 quokka zombies (D:3)
  8 rats
476 creatures vanquished.

Vanquished Creatures (others)
  Kirke (Lair:6)
  2 hydras
  A centaur warrior (D:10)
  2 two-headed ogres
  A death yak (Lair:6)
  A lindwurm (Lair:6)
  2 centaur zombies (D:10)
  3 elephants
  A cane toad (Lair:1)
  A gargoyle (D:11)
  3 komodo dragons
  2 spriggans (Bailey)
  2 wyverns
  3 yaks
  3 humans (Lair:6)
  2 water moccasins
  4 orc warriors
  2 ogres (Bailey)
  5 killer bees
  61 jellies
  2 orc priests (Orc:2)
  An iguana (D:4)
  A howler monkey zombie (D:6)
  2 gnolls
  8 orcs
  2 kobolds (D:6)
  66 fungi
  79 plants
263 creatures vanquished.

Grand Total: 751 creatures vanquished

Notes
Turn   | Place    | Note
-------+----------+-------------------------------------------
     0 | D:1      | Colgate the Felid Summoner began the quest for the Orb.
     0 | D:1      | Reached XP level 1. HP: 7/7 MP: 4/4
   273 | D:1      | Reached XP level 2. HP: 11/11 MP: 3/6
   276 | D:1      | Learned a level 2 spell: Call Imp
   487 | D:1      | Found a faded altar of an unknown god.
  1053 | D:1      | Reached skill level 5 in Summonings
  1269 | D:2      | Reached XP level 3. HP: 11/14 MP: 3/7
  1273 | D:2      | Learned a level 3 spell: Call Canine Familiar
  2274 | D:2      | Reached XP level 4. HP: 11/18 MP: 4/8
  3359 | D:3      | Reached skill level 6 in Summonings
  3942 | D:3      | Reached XP level 5. HP: 21/21 MP: 5/10
  4210 | D:3      | Learned a level 3 spell: Summon Guardian Golem
  4332 | D:3      | Found a basalt altar of Yredelemnul.
  4531 | D:3      | Reached skill level 1 in Hexes
  5170 | D:4      | Gained mutation: You are covered in thick fur. (AC +2)
                  | [Felid growth]
  5170 | D:4      | Reached XP level 6. HP: 14/24 MP: 7/11
  6372 | D:4      | Found a blossoming altar of Fedhas.
  6426 | D:5      | Entered Level 5 of the Dungeon
  6645 | D:5      | Learned a level 4 spell: Summon Lightning Spire
  7006 | D:5      | Reached XP level 7. HP: 27/27 MP: 1/14
  8222 | D:6      | Noticed a cyclops
  8237 | D:6      | Killed a cyclops
  8238 | D:6      | Reached XP level 8. HP: 31/31 MP: 4/15
  8987 | D:6      | Found a staircase to the Ecumenical Temple.
  9002 | Temple   | Entered the Ecumenical Temple
  9086 | Temple   | Became a worshipper of Gozag Ym Sagoz the Greedy
  9325 | D:6      | Learned a level 3 spell: Inner Flame
  9663 | D:6      | Reached skill level 7 in Summonings
 10168 | D:7      | Found a flagged portal.
 10203 | Bailey   | Entered a bailey
 10263 | Bailey   | Reached skill level 8 in Summonings
 10340 | Bailey   | Reached skill level 9 in Summonings
 10340 | Bailey   | Reached XP level 9. HP: 22/34 MP: 1/16
 10391 | Bailey   | Killed from afar by an acid dragon
 10392 | Bailey   | Reached XP level 8. HP: -16/31 MP: 0/15
 10408 | Bailey   | Reached skill level 10 in Summonings
 10450 | Bailey   | Identified the +6 war axe "Hiycust" {venom, rElec rC+++
                  | Str+2 Int-5}
 10471 | Bailey   | Mangled by a spriggan
 10472 | Bailey   | Reached XP level 7. HP: -9/27 MP: 0/14
 10484 | Bailey   | Killed a spriggan
 10490 | Bailey   | Noticed a two-headed ogre
 10496 | Bailey   | Killed a spriggan
 10497 | Bailey   | Reached XP level 8. HP: 31/31 MP: 7/15
 10498 | Bailey   | Killed a two-headed ogre
 10499 | Bailey   | Reached skill level 11 in Summonings
 10661 | D:7      | Found a snail-covered altar of Cheibriados.
 11266 | D:6      | Reached skill level 12 in Summonings
 11800 | D:7      | Reached XP level 9. HP: 34/34 MP: 10/16
 12155 | D:7      | Found an iron altar of Okawaru.
 12886 | D:8      | Noticed an elephant
 12901 | D:8      | Killed an elephant
 12902 | D:8      | Reached skill level 13 in Summonings
 12958 | D:8      | Found a staircase to the Lair.
 12968 | D:8      | Found a sparkling altar of Nemelex Xobeh.
 13290 | D:8      | Bought a metallic coppery potion for 22 gold pieces
 13290 | D:8      | Bought 2 metallic coppery potions for 45 gold pieces
 13356 | D:8      | Noticed an angel
 13357 | D:8      | Found a shimmering altar of Xom.
 13359 | D:8      | Found a glowing silver altar of Zin.
 13949 | D:9      | Noticed a white ugly thing
 13970 | D:9      | Killed a white ugly thing
 13971 | D:9      | Reached XP level 10. HP: 14/37 MP: 5/17
 14213 | D:9      | Learned a level 3 spell: Swiftness
 14409 | D:9      | Found a staircase to the Orcish Mines.
 14498 | D:9      | Reached skill level 14 in Summonings
 15036 | D:9      | Found a glowing golden altar of the Shining One.
 15076 | D:8      | Bought a scroll labelled AWOGHA EXONYE for 25 gold pieces
 15140 | D:10     | Entered Level 10 of the Dungeon
 15253 | D:10     | Noticed a two-headed ogre
 15291 | D:10     | Reached skill level 15 in Summonings
 15311 | D:10     | Found Fuda Kuyv's Antique Armour Shop.
 15465 | D:10     | Noticed a centaur warrior
 15475 | D:10     | Killed a centaur warrior
 15754 | D:10     | Noticed Maurice
 15772 | D:10     | Killed Maurice
 15866 | D:10     | Noticed an orc knight
 15868 | D:10     | Noticed a brown ugly thing
 15876 | D:10     | Killed a brown ugly thing
 15877 | D:10     | Killed an orc knight
 15878 | D:10     | Reached XP level 11. HP: 40/40 MP: 5/18
 16044 | D:10     | Found a shadowy altar of Dithmenos.
 16046 | D:10     | Found a burning altar of Makhleb.
 16075 | D:10     | Found a hide-covered altar of Uskayaw.
 16173 | D:10     | Killed a two-headed ogre
 16174 | D:10     | Reached skill level 16 in Summonings
 16352 | D:10     | Found a white marble altar of Elyvilon.
 16358 | D:10     | Found a hazy altar of Hepliaklqana.
 16476 | D:11     | Noticed a four-headed hydra
 16908 | D:10     | Killed a four-headed hydra
 18241 | D:11     | Found a runed translucent gate.
 18242 | D:11     | Found a runed translucent gate.
 18243 | D:11     | Found a runed translucent gate.
 18407 | D:11     | Noticed an 11-headed hydra
 18408 | D:11     | Noticed Zeus21348's ghost (journeyman HOMo)
 18427 | D:11     | Killed an 11-headed hydra
 18428 | D:11     | Reached skill level 17 in Summonings
 18434 | D:11     | Killed Zeus21348's ghost
 18620 | D:12     | Noticed a deep elf pyromancer
 18861 | Lair:1   | Entered Level 1 of the Lair of Beasts
 19235 | Lair:1   | Noticed a five-headed hydra
 19247 | Lair:1   | Killed a five-headed hydra
 19597 | Lair:1   | Noticed a seven-headed hydra
 19613 | Lair:1   | Killed a seven-headed hydra
 19614 | Lair:1   | Reached skill level 18 in Summonings
 20346 | Lair:2   | Noticed an eight-headed hydra
 20356 | Lair:2   | Killed an eight-headed hydra
 20357 | Lair:2   | Reached skill level 5 in Spellcasting
 20357 | Lair:2   | Gained mutation: Your thick and shaggy fur keeps you warm.
                  | (AC +3, rC+) [Felid growth]
 20357 | Lair:2   | Reached XP level 12. HP: 44/44 MP: 12/20
 20442 | Lair:2   | Noticed a six-headed hydra
 20600 | Lair:2   | Learned a level 7 spell: Monstrous Menagerie
 21035 | Lair:2   | Killed a six-headed hydra
 21282 | Lair:2   | Found a hole to the Spider Nest.
 22276 | Lair:3   | Reached skill level 19 in Summonings
 22611 | Lair:3   | Killed from afar by a lindwurm
 22612 | Lair:3   | Reached XP level 11. HP: -23/40 MP: 0/21
 23237 | Lair:3   | Killed a lindwurm
 24122 | Lair:4   | Noticed a boulder beetle
 24130 | Lair:4   | Killed a boulder beetle
 25319 | Lair:4   | Found a staircase to the Shoals.
 25542 | Lair:5   | Reached XP level 12. HP: 44/44 MP: 9/23
 25598 | Lair:5   | Noticed a four-headed hydra
 25603 | Lair:5   | Killed a four-headed hydra
 25860 | Lair:5   | Noticed a boulder beetle
 25864 | Lair:5   | Killed a boulder beetle
 25980 | Lair:5   | Noticed a six-headed hydra
 25989 | Lair:5   | Killed a six-headed hydra
 26203 | Lair:5   | Found a runed translucent door.
 26204 | Lair:5   | Found a viscous altar of Jiyva.
 26208 | Lair:5   | Found a staircase to the Slime Pits.
 26369 | D:8      | Bought a box of beasts for 1000 gold pieces
 26369 | D:8      | Bought a potion of berserk rage for 125 gold pieces
 26502 | Lair:5   | Fell from the grace of Gozag
 26502 | Lair:5   | Became a worshipper of Jiyva Jayleov the Shapeless
 26657 | Lair:5   | Reached skill level 20 in Summonings
 26938 | Lair:5   | Reached * piety under Jiyva
 27146 | Lair:6   | Entered Level 6 of the Lair of Beasts
 27315 | Lair:6   | Noticed a death yak
 27316 | Lair:6   | Noticed a death yak
 27325 | Lair:6   | Noticed a death yak
 27620 | Lair:5   | Found a viscous altar of Jiyva.
 27621 | Lair:5   | Found a staircase to the Slime Pits.
 28159 | Lair:5   | Found a viscous altar of Jiyva.
 28160 | Lair:5   | Found a staircase to the Slime Pits.
 28764 | Lair:6   | Noticed Kirke
 28775 | Lair:6   | Noticed Kirke
 28775 | Lair:6   | Kirke changed into Kirke the hog
 28776 | Lair:6   | Killed Kirke
 28777 | Lair:6   | Reached skill level 21 in Summonings
 28779 | Lair:6   | Noticed a six-headed hydra
 28788 | Lair:6   | Reached XP level 13. HP: 25/47 MP: 3/24
 28912 | Lair:6   | Found a runed translucent door.
 28914 | Lair:6   | Noticed a fire dragon
 29690 | Lair:6   | Reached skill level 22 in Summonings
 29723 | Lair:6   | Reached ** piety under Jiyva
 30482 | Lair:6   | Was forgiven by Gozag
 30723 | Lair:6   | Killed a fire dragon
 30975 | Orc:1    | Entered Level 1 of the Orcish Mines
 31213 | Orc:1    | Noticed Urug
 31230 | Orc:1    | Killed Urug
 31523 | Orc:1    | Found Antaca Goish's Assorted Antiques.
 31526 | Orc:1    | Bought a scroll of amnesia for 66 gold pieces
 31533 | Orc:1    | Learned a level 5 spell: Summon Mana Viper
 31548 | Orc:2    | Entered Level 2 of the Orcish Mines
 31578 | Orc:2    | Reached XP level 14. HP: 51/51 MP: 14/25
 31669 | Orc:2    | Noticed Azrael
 31839 | Orc:2    | Killed Azrael
 31840 | Orc:2    | Reached skill level 23 in Summonings
 32080 | Orc:2    | Reached *** piety under Jiyva
 32125 | Orc:2    | Gained mutation: You have acidic saliva. [Jiyva's grace]
 32125 | Orc:2    | Gained mutation: You expend magic power (3 MP) to
                  | strengthen your wands. [Jiyva's grace]
 32125 | Orc:2    | Gained mutation: You are covered in slimy tendrils that may
                  | disarm your opponents. [Jiyva's grace]
 32125 | Orc:2    | Gained mutation: Your body has grown eyes which may confuse
                  | attackers. (Acc +3) [Jiyva's grace]
 32197 | Orc:2    | Found Zaewi Quba's Jewellery Shop.
 32223 | Orc:2    | Found a staircase to the Elven Halls.
 32752 | Orc:2    | Found Empogupri's Assorted Antiques.
 32752 | Orc:2    | Found Demiph's Antique Weapon Shoppe.
 32754 | Orc:2    | Found Zeemot's Antique Weapon Shop.
 32754 | Orc:2    | Found Mutykyx's Weapon Shoppe.
 33126 | Spider:1 | Entered Level 1 of the Spider Nest
 33188 | Spider:1 | Killed themself with a badly aimed burst of rock shards
 33189 | Spider:1 | Reached XP level 13. HP: -15/47 MP: 0/24
 33199 | Spider:1 | Killed a spark wasp
 33692 | Orc:2    | Bought a ring of magical power for 280 gold pieces
 33692 | Orc:2    | Bought a ring of poison resistance for 280 gold pieces
 34036 | Spider:1 | Blown up by an orb spider

Illustrated notes

Levels and vault maps discovered:
D:1:      ncdulo_wetmaze, layout_loops_ring, hellmonk_ecumenical_altar_run_dry,
          minmay_ruptured
D:2:      layout_rooms, kennysheep_generic_room_12
D:3:      layout_basic, nicolae_yredelemnul_corpse_copse
D:4:      layout_basic, mainiacjoe_overflow_alcove_4
D:5:      layout_basic, serial_glass, glass_columns_a, glass_columns_a,
          glass_columns_a, glass_columns_a, glass_columns_c, glass_columns_c
D:6:      layout_loops_corners, minmay_temple_entry_stoned_glass
D:7:      layout_rooms, general_overflow_altar, lemuel_round_altar,
          enter_bailey_5
D:8:      layout_loops_cross, grunt_temple_overflow_order_and_chaos_1,
          lemuel_round_altar, david_lair_generic, kennysheep_decorative_pillar,
          nicolae_fountain_basement
D:9:      layout_cave_pods, kennysheep_mini_moat, hiddenorc1_lemuel
D:10:     layout_cave_pools, mainiacjoe_overflow_surrounded_room,
          amethyst_overflow_temple_binary, minitemple, serial_shops,
          nicolae_shop_window_shopping, minmay_radiant, uniq_maurice
D:11:     layout_basic, gammafunk_ghost_hydra_chop
D:12:     layout_small_grid, uniq_josephine
Temple:   grunt_temple_mini_profane
Lair:1:   layout_cellular_growth
Lair:2:   layout_cave_pods, spider_nest_entry_web_field, lemuel_fruit_tree
Lair:3:   layout_concentric_octagons, nicolae_volcano_entry_vermiform
Lair:4:   layout_cave_pods, minmay_shoals_entry_hut
Lair:5:   layout_hall_layers, slime_altar_2, grunt_megastairs_4,
          infiniplex_staircase_pool, serial_bayou_shore_b
Lair:6:   hangedman_lair_in_review, layout_misc_corridors, wormcave, uniq_kirke
Spider:1: layout_cave_pods
Orc:1:    layout_caves, serial_shops, nicolae_shop_behind_doors, uniq_urug
Orc:2:    grunt_orc_tribal_feast, layout_diamond_mine, serial_shops,
          nicolae_shop_behind_doors, uniq_azrael

Skill      XL: |  1  2  3  4  5  6  7  8  9 10 11 12 13 14 |
---------------+-------------------------------------------+-----
Summonings     | 5 6 12 13 15 18 21 22 23 | 23.9
Spellcasting   | 3 4 7 6 |  7.0
Hexes          | 3 |  3.7
Air Magic      | 2 6 |  6.3
Dodging        | |  2.6
Stealth        | |  2.6

Action                   |  1- 3 |  4- 6 |  7- 9 | 10-12 | 13-15 || total
-------------------------+-------+-------+-------+-------+-------++-------
Melee: Unarmed           |     1 |       |       |    11 |     4 ||    16
       Bite              |       |       |       |     1 |     2 ||     3
 Cast: Summon Small Mamm |    25 |     5 |       |       |       ||    30
       Call Imp          |    32 |    19 |     1 |       |       ||    52
       Call Canine Famil |     5 |    29 |    47 |    26 |       ||   107
       Summon Guardian G |       |     5 |    36 |    48 |     1 ||    90
       Summon Lightning  |       |       |    12 |    37 |     8 ||    57
       Inner Flame       |       |       |     9 |     7 |       ||    16
       Monstrous Menager |       |       |       |    72 |   134 ||   206
       Swiftness         |       |       |       |     2 |       ||     2
       Summon Mana Viper |       |       |       |       |    30 ||    30
Invok: Call Merchant     |       |       |     1 |       |       ||     1
Evoke: Wand              |       |       |       |     1 |     1 ||     2
       Phantom mirror    |       |       |       |     1 |     1 ||     2
       Box of beasts     |       |       |       |     1 |       ||     1
       Tin of tremorston |       |       |       |       |     1 ||     1
  Use: Scroll            |       |    10 |     7 |    15 |     6 ||    38
       Potion            |       |       |     1 |     4 |     1 ||     6
 Stab: Paralysed         |       |       |       |       |     2 ||     2
Armor: Skin              |     3 |     2 |     1 |     9 |     5 ||    20
Dodge: Dodged            |    24 |    22 |    77 |   100 |    47 ||   270
